 Dungeon Crawl Stone Soup version 0.22-a0-109-gbeb7240 (webtiles) character file.

30249 Charmandara the Magus (level 13, -22/98 HPs)
             Began as a Demonspawn Wanderer on Jan 27, 2018.
             Was an Elder of Nemelex Xobeh.
             Killed from afar by an ice statue (29 damage)
             ... with a shard of ice
             ... in an ice cave.
             The game lasted 00:49:21 (14714 turns).

Charmandara the Magus (Demonspawn Wanderer)        Turns: 14714, Time: 00:49:21

Health: -22/98     AC: 21    Str: 19    XL:     13   Next: 19%
Magic:  33/33      EV: 10    Int: 15    God:    Nemelex Xobeh [****..]
Gold:   116        SH:  0    Dex: 13    Spells: 12/12 levels left

rFire    . . .     SeeInvis .   a - +5 lajatang (elec)
rCold    . . .     Gourm    .   (shield currently unavailable)
rNeg     . . .     Faith    .   i - +2 plate armour {rPois}
rPois    +         Spirit   .   D - +1 helmet
rElec    .         Reflect  .   L - +2 cloak
rCorr    .         Harm     .   w - +0 pair of gloves
MR       .....                  (no boots)
Stlth    ..........             (no amulet)
HPRegen  0.26/turn              o - +3 ring of intelligence
MPRegen  0.23/turn              z - ring of magical power {MP+9}

@: repel missiles
A: talons 1, repulsion field 3, demonic guardian 2, spiny 2
a: Triple Draw, Deal Four, Renounce Religion


You were in an ice cave.
You worshipped Nemelex Xobeh.
Nemelex Xobeh was greatly pleased with you.
You were not hungry.

You visited 3 branches of the dungeon, and saw 15 of its levels.
You also visited: Ice Cave.

You collected 1660 gold pieces.
You spent 1544 gold pieces at shops.

Inventory:

Hand Weapons
 a - a +5 lajatang of electrocution (weapon)
   (You acquired it on level 9 of the Dungeon)
 b - the +7 longbow "Piercer" {penet, EV-2}
   (You bought it in a shop on level 1 of the Orcish Mines)

   Ammo fired by it will pass through the targets it hits, potentially hitting
   all targets in its path until it reaches maximum range.
   It affects your evasion (-2).
Missiles
 y - 153 arrows
Armour
 i - a +2 plate armour of poison resistance (worn)
   (You bought it in a shop on level 11 of the Dungeon)
 w - a +0 pair of gloves (worn)
   (You found it on level 6 of the Dungeon)
 D - a +1 helmet (worn)
   (You found it on level 9 of the Dungeon)
 L - a +2 cloak (worn)
   (You found it on level 8 of the Dungeon)
Jewellery
 o - a +3 ring of intelligence (left hand)
   (You found it on level 2 of the Dungeon)
 z - a ring of magical power (right hand) {MP+9}
   (You found it on level 12 of the Dungeon)
Wands
 j - a wand of polymorph (12)
   (You found it on level 3 of the Dungeon)
 u - a wand of flame (73)
   (You found it on level 3 of the Dungeon)
 E - a wand of iceblast (19)
   (You found it on level 6 of the Dungeon)
 G - a wand of digging (22)
   (You found it on level 6 of the Dungeon)
Scrolls
 c - 4 scrolls of teleportation
 s - 7 scrolls of remove curse
 B - 4 scrolls of enchant armour
 M - a scroll of amnesia
Potions
 d - 2 potions of lignification {!q}
 e - a potion of ambrosia {unknown}
 h - a potion of brilliance
 k - 2 potions of flight
 l - 2 potions of agility
 p - a potion of mutation {!q}
 t - 3 potions of haste
 F - 4 potions of curing
 I - a potion of might
 J - 3 potions of berserk rage {!q}
 N - a potion of magic
Books
 O - a book of Callings
   (You found it on level 10 of the Dungeon)
Miscellaneous
 n - a legendary deck of destruction
   (Nemelex Xobeh gifted it to you on level 2 of the Orcish Mines)
 r - an ornate deck of destruction {drawn: 10}
   (Nemelex Xobeh gifted it to you on level 10 of the Dungeon)
 A - a lightning rod (4/4)
   (You found it on level 12 of the Dungeon)
Comestibles
 f - 23 rations {@e1}
 g - 5 chunks of flesh {@w0}


   Skills:
 + Level 7.9 Fighting
 - Level 14.2 Staves
   Level 1.0 Crossbows
 + Level 6.1 Armour
 - Level 1.0 Dodging
 - Level 1.0 Stealth
   Level 1.0 Shields
 + Level 15.9 Invocations


You had 12 spell levels left.
You didn't know any spells.

Dungeon Overview and Level Annotations

Branches:
Dungeon (12/15)            Temple (0/1) D:7            Lair (1/6) D:11
    Orc (2/2) D:11            Elf (0/3) Orc:2

Altars:
Ashenzari
Cheibriados
Dithmenos
Fedhas
Gozag
Hepliaklqana
Makhleb
Nemelex Xobeh
Okawaru
Qazlal
Ru
Sif Muna
Uskayaw
Wu Jian
Yredelemnul
Beogh

Shops:
D:6 !   D:7 (   D:8 }   D:11 ([   Orc:1 (   Orc:2 *}[[!

Annotations:
IceCv exclusion: 2 ice statues


Innate Abilities, Weirdness & Mutations

You have sharp toenails.
You are surrounded by a strong repulsion field. (EV +4, RMsl)
A demonic guardian rushes to your aid.
You are mostly covered in sharp spines.


Message History

A rime drake comes into view.
The rime drake breathes ice at you. The flash freeze misses you.
A rime drake comes into view.
The rime drake hisses angrily.
The rime drake moves out of view.
Found a frozen archway.
Aim: a rime drake (catching its breath)
You shoot an arrow. The arrow barely misses the rime drake.
The rime drake breathes ice at you. The flash freeze hits you!
You are encased in ice.
You take 26 damage, and have 72/98 hp.
MASSIVE DAMAGE!!
Aim: a rime drake (catching its breath)
You shoot an arrow.
The arrow pierces through the rime drake!
You hear the crackle of electricity.
a - a +5 lajatang of electrocution (weapon)
The rime drake bites you but does no damage.
You slice the rime drake!! Your kick misses the rime drake.
The rime drake is struck by your spines.
You kill the rime drake!
The ice encasing you melts away.
The rime drake is struck by your spines.
The rime drake bites you but does no damage.
The rime drake is struck by your spines.
The rime drake closely misses you.
You carve the rime drake like a ham!!!
You kill the rime drake!
There isn't anything here!
Found a stone staircase leading down.
A porcupine comes into view.
You see here a potion of berserk rage {!q}.
The porcupine bites you but does no damage.
You see here a potion of berserk rage {!q}.
J - 3 potions of berserk rage {!q} (gained 1)
The porcupine is struck by your spines.
You kill the porcupine!
You see here a porcupine corpse.
You see here a porcupine corpse.
You butcher the porcupine corpse.
g - 5 chunks of flesh {@w0} (gained 1)
You see here a porcupine skeleton.
Found an escape hatch in the floor.
y - 152 arrows (gained 1)
y - 153 arrows (gained 1)
There is a frozen archway here.
You start resting.
You hear the faint crackling of a melting archway.
You start resting.
You hear the faint crackling of a melting archway.
You regained 13 hp, and now have 95/98 hp.
The world spins around you as you enter the gateway.
You enter an ice cave!
Found an ice covered gate leading back out of this place.
There is an ice choked empty arch of ancient stone here.
Unknown command.
An ice devil comes into view.
You regained 2 hp, and now have 97/98 hp.
Unknown command.
Health restored: 98 2 ice devils come into view.
The ice devil barely misses you.
You slash the ice devil!
You claw the ice devil, but do no damage.
You slice the ice devil!!
Lightning courses through the ice devil!
You claw the ice devil, but do no damage.
The ice devil barely misses you.
Your plate armour prevents you from hitting the ice devil.
You kill the ice devil! 2 ice statues come into view.
The ice statue gestures at you. The freezing blast misses you.
The ice statue gestures at you. The freezing blast engulfs you!
You take 19 damage, and have 79/98 hp.
You are engulfed in freezing vapours.
Your smoke demon is engulfed in freezing vapours.
The ice statue glitters chillingly in the dim dungeon light.
The ice statue gestures at you. The shard of ice hits you!
You take 40 damage, and have 39/98 hp.
MASSIVE DAMAGE!!
Okay, then.
Okay, then.
Okay, then.
Okay, then.
You are engulfed in freezing vapours.
* * * LOW HITPOINT WARNING * * *
Your smoke demon is engulfed in freezing vapours.
Your smoke demon gestures at the ice statue.
The ice devil hits your smoke demon!
The ice devil freezes your smoke demon!!
Your smoke demon dies!
The ice statue gestures at you. The shard of ice hits you!
You die...
Your body glows with a rainbow of weird colours and disappears.

.......## .........#
.........8 ####
.........## ##..##
........§.######....##
........§...##.......#
...⌠...4§§§......∩∩..#
.......§§§...........#
.......4@§##..##....##
.........########..##
.........8# ####
.........## ........##
#.....### ######


You could see an ice statue and 2 ice devils.

Vanquished Creatures
  A great orb of eyes (Orc:2)
  A two-headed ogre (D:8)
  2 orc high priests
  A sixfirhy (D:12)
  2 unseen horrors
  2 orc knights
  A salamander (Orc:2)
  A faun (D:12)
  A centaur skeleton (D:10)
  2 rime drakes (Lair:1)
  An ice devil (IceCv)
  A troll (D:12)
  2 hippogriffs
  2 hornets
  2 raiju (D:12)
  A vampire (D:9)
  2 shadows (D:12)
  A spriggan (D:7)
  9 yaks
  A wyvern (D:11)
  A hog (D:12)
  A human (D:12)
  A steam dragon (Orc:2)
  Menkaure (D:5)
  12 wargs
  A water moccasin (D:9)
  A porcupine (Lair:1)
  4 sky beasts
  4 ice beasts
  17 orc warriors
  4 phantoms
  4 black bears
  3 ogres
  3 necrophages
  A boggart (Orc:2)
  5 centaurs
  A wolf (Orc:2)
  A crocodile (D:8)
  2 big kobolds
  5 bullfrogs
  A wyvern zombie (D:12)
  5 scorpions
  2 water moccasin skeletons
  3 killer bees (D:12)
  3 wights (D:7)
  5 electric eels (D:11)
  A howler monkey (Orc:2)
  A crimson imp (D:7)
  A quasit (D:9)
  A bullfrog zombie (D:6)
  A centaur zombie (D:8)
  5 hounds
  19 orc wizards
  18 orc priests
  2 jellies
  Crazy Yiuf (D:2)
  6 iguanas
  12 worker ants
  2 hound skeletons
  9 gnolls
  14 adders
  2 river rats (D:3)
  3 shadow imps
  2 oozes
  An adder zombie (D:8)
  4 adder skeletons
  4 worms
  A dart slug (D:1)
  3 leopard geckos
  80 orcs
  5 ball pythons
  6 giant cockroaches
  13 goblins
  4 hobgoblins
  5 jackals
  4 quokkas
  5 bats
  5 frilled lizards
  11 kobolds
  2 quokka skeletons
  A quokka zombie (D:7)
  12 rats
393 creatures vanquished.

Vanquished Creatures (collateral kills)
  An orc warlord (Orc:1)
  Josephine (Orc:2)
  A hydra (D:12)
  2 two-headed ogres
  3 orc high priests (Orc:2)
  The ghost of brevous the Whirler, a novice HaHu of Okawaru (D:7)
  4 orc knights (Orc:2)
  2 orc sorcerers (Orc:1)
  2 ugly things (D:11)
  Joseph (D:7)
  A komodo dragon (D:9)
  2 trolls
  A hippogriff (D:7)
  3 wraiths (Orc:2)
  6 yaks
  2 wargs (Orc:1)
  Duvessa (D:7)
  A porcupine (Orc:2)
  19 orc warriors
  A sky beast (D:9)
  2 ogres
  A bullfrog (D:11)
  Dowan (D:7)
  A scorpion (D:10)
  10 orc priests
  A hound (D:7)
  8 orc wizards
  A bullfrog skeleton (D:8)
  2 iguanas
  3 adders
  A shadow imp (D:11)
  An ooze (Orc:2)
  A leopard gecko (D:4)
  36 orcs
  A giant cockroach (Orc:2)
  A quokka (D:10)
  4 kobolds (D:11)
130 creatures vanquished.

Vanquished Creatures (others)
  An unseen horror (D:10)
  A sky beast (D:7)
  2 orc warriors
  3 orc priests (Orc:1)
  An orc wizard (Orc:1)
  A ball lightning (Orc:2)
  8 orcs
  A plant (D:11)
18 creatures vanquished.

Grand Total: 541 creatures vanquished

Notes
Turn   | Place    | Note
-------+----------+-------------------------------------------
     0 | D:1      | Charmandara the Demonspawn Wanderer began the quest for the Orb.
     0 | D:1      | Charmandara set off with: a +2 quarterstaff, a +0 falchion, a scroll of teleportation, a +0 robe, a ration {@e1}
     0 | D:1      | Reached XP level 1. HP: 19/19 MP: 1/1
    98 | D:1      | Gained mutation: You are surrounded by a mild repulsion field. (EV +2) [demonic ancestry]
    98 | D:1      | Reached XP level 2. HP: 10/25 MP: 2/2
   350 | D:1      | Reached skill level 2 in Staves
   823 | D:1      | Found a sparkling altar of Nemelex Xobeh.
   827 | D:1      | Became a worshipper of Nemelex Xobeh the Trickster
   867 | D:2      | Received a gift from Nemelex Xobeh
   938 | D:2      | Reached XP level 3. HP: 10/30 MP: 3/3
   941 | D:2      | HP: 7/30 [poisoned by an adder]
   948 | D:2      | HP: 5/30 [poisoned by an adder]
   955 | D:2      | HP: 3/30 [poisoned by an adder]
   963 | D:2      | HP: 2/30 [poisoned by an adder]
  1293 | D:2      | Reached skill level 1 in Invocations
  1425 | D:2      | Reached skill level 3 in Staves
  1916 | D:2      | Gained mutation: You are surrounded by a moderate repulsion field. (EV +3) [demonic ancestry]
  1916 | D:2      | Reached XP level 4. HP: 33/37 MP: 5/5
  1916 | D:2      | Reached skill level 2 in Invocations
  1967 | D:2      | Found a runed door.
  2062 | D:2      | Noticed Crazy Yiuf
  2069 | D:2      | Killed Crazy Yiuf
  2108 | D:3      | Reached * piety under Nemelex Xobeh
  2108 | D:3      | Found a burning altar of Makhleb.
  2126 | D:3      | Gained mutation: You are partially covered in sharp spines. [demonic ancestry]
  2126 | D:3      | Reached XP level 5. HP: 39/42 MP: 6/6
  2129 | D:3      | Reached skill level 4 in Staves
  2362 | D:3      | Found a faded altar of an unknown god.
  2682 | D:3      | Reached skill level 3 in Invocations
  3287 | D:4      | Noticed a phantom
  3288 | D:4      | Noticed a phantom
  3526 | D:4      | Gained mutation: You have sharp toenails. [demonic ancestry]
  3526 | D:4      | Reached XP level 6. HP: 43/48 MP: 8/8
  3614 | D:4      | Reached skill level 5 in Staves
  3614 | D:4      | Reached skill level 4 in Invocations
  3652 | D:4      | Received a gift from Nemelex Xobeh
  3677 | D:4      | Reached XP level 7. HP: 20/54 MP: 10/10
  4011 | D:4      | Found a sacrificial altar of Ru.
  4052 | D:5      | Entered Level 5 of the Dungeon
  4052 | D:5      | Reached ** piety under Nemelex Xobeh
  4095 | D:5      | Reached skill level 5 in Invocations
  4190 | D:4      | Reached skill level 6 in Staves
  4522 | D:5      | Reached skill level 6 in Invocations
  4615 | D:5      | Reached skill level 7 in Staves
  4615 | D:5      | Gained mutation: A weak demonic guardian rushes to your aid. [demonic ancestry]
  4615 | D:5      | Reached XP level 8. HP: 49/60 MP: 12/12
  4802 | D:5      | Noticed Menkaure
  4806 | D:5      | Killed Menkaure
  5054 | D:5      | Found a basalt altar of Yredelemnul.
  5054 | D:5      | Found a hazy altar of Hepliaklqana.
  5059 | D:5      | Found an iron altar of Okawaru.
  5063 | D:5      | Found a faded altar of an unknown god.
  5065 | D:5      | Found a faded altar of an unknown god.
  5145 | D:5      | Reached skill level 7 in Invocations
  5165 | D:5      | Received a gift from Nemelex Xobeh
  5356 | D:6      | Reached skill level 8 in Staves
  5746 | D:6      | HP: 15/60 [centaur (5)]
  5749 | D:6      | Reached skill level 8 in Invocations
  5951 | D:6      | Found Nikhlaxo's Distillery.
  5960 | D:6      | Bought a potion of curing for 36 gold pieces
  5960 | D:6      | Bought a potion of might for 48 gold pieces
  5986 | D:6      | Reached *** piety under Nemelex Xobeh
  6097 | D:7      | Received a gift from Nemelex Xobeh
  6119 | D:7      | Found a staircase to the Ecumenical Temple.
  6141 | D:7      | Found a deep blue altar of Sif Muna.
  6143 | D:7      | Found a snail-covered altar of Cheibriados.
  6145 | D:7      | Found a hide-covered altar of Uskayaw.
  6145 | D:7      | Found a stormy altar of Qazlal.
  6146 | D:7      | Found a blossoming altar of Fedhas.
  6146 | D:7      | Found a shadowy altar of Dithmenos.
  6146 | D:7      | Found an ornate altar of the Wu Jian Council.
  6146 | D:7      | Found a shattered altar of Ashenzari.
  6180 | D:7      | Reached skill level 9 in Staves
  6188 | D:7      | Gained mutation: A demonic guardian rushes to your aid. [demonic ancestry]
  6188 | D:7      | Reached XP level 9. HP: 48/65 MP: 15/15
  6233 | D:7      | Noticed brevous's ghost (novice HaHu)
  6252 | D:7      | Killed brevous's ghost
  6252 | D:7      | Reached skill level 9 in Invocations
  6392 | D:7      | Noticed Duvessa
  6400 | D:7      | Noticed Dowan
  6407 | D:7      | Killed Duvessa
  6409 | D:7      | Killed Dowan
  6494 | D:7      | Reached skill level 10 in Staves
  6702 | D:7      | Found Rofoth's Weapon Shop.
  6810 | D:7      | Received a gift from Nemelex Xobeh
  6814 | D:7      | Reached skill level 10 in Invocations
  6863 | D:7      | Noticed Joseph
  6874 | D:7      | Killed Joseph
  6909 | D:7      | Found an opulent altar of Gozag.
  7110 | D:7      | Reached **** piety under Nemelex Xobeh
  7206 | D:8      | Noticed a two-headed ogre
  7223 | D:8      | Killed a two-headed ogre
  7223 | D:8      | Reached skill level 11 in Staves
  7223 | D:8      | Reached XP level 10. HP: 45/71 MP: 17/17
  7265 | D:8      | Received a gift from Nemelex Xobeh
  7314 | D:8      | Found Uratiachag's Gadget Shoppe.
  7452 | D:8      | Noticed a two-headed ogre
  7460 | D:8      | HP: 17/71 [two-headed ogre/giant spiked club (26)]
  7461 | D:8      | Killed a two-headed ogre
  7789 | D:8      | Reached skill level 11 in Invocations
  8302 | D:9      | HP: 13/71 [something/vampiric draining (10)]
  8507 | D:9      | Received a gift from Nemelex Xobeh
  8792 | D:9      | Reached skill level 12 in Staves
  8857 | D:9      | Found an iron altar of Okawaru.
  9081 | D:9      | Identified a scroll of acquirement
  9096 | D:9      | Reached skill level 12 in Invocations
  9149 | D:9      | Found an opulent altar of Gozag.
  9149 | D:9      | Found a sparkling altar of Nemelex Xobeh.
  9361 | D:9      | Gained mutation: You are surrounded by a strong repulsion field. (EV +4, RMsl) [demonic ancestry]
  9361 | D:9      | Reached XP level 11. HP: 72/77 MP: 20/20
  9599 | D:10     | Entered Level 10 of the Dungeon
  9672 | D:10     | Received a gift from Nemelex Xobeh
  9702 | D:10     | Killed an unseen horror
  9982 | D:10     | Found a stormy altar of Qazlal.
 10223 | D:10     | Killed an unseen horror
 10223 | D:10     | Reached skill level 13 in Staves
 10431 | D:10     | Received a gift from Nemelex Xobeh
 10497 | D:10     | Reached ***** piety under Nemelex Xobeh
 10542 | D:11     | Found Viroz's Armour Emporium.
 10542 | D:11     | Found a staircase to the Orcish Mines.
 10554 | D:11     | Found Ustrogg's Weapon Emporium.
 10664 | D:11     | Noticed a purple ugly thing
 10666 | D:11     | Noticed a red ugly thing
 10671 | D:11     | Killed a purple ugly thing
 10686 | D:11     | Killed a red ugly thing
 10733 | D:11     | Found a staircase to the Lair.
 10816 | D:11     | Reached skill level 13 in Invocations
 10880 | D:11     | Killed an unseen horror
 11670 | D:12     | Noticed a shock serpent
 11675 | D:12     | a shock serpent changed into a faun
 11790 | D:12     | Reached skill level 14 in Staves
 11843 | D:12     | Noticed a six-headed hydra
 11854 | D:12     | Killed a six-headed hydra
 11860 | D:12     | Received a gift from Nemelex Xobeh
 11884 | D:12     | Paralysed by a hornet for 2 turns
 11973 | D:12     | Noticed a sixfirhy
 11978 | D:12     | Killed a sixfirhy
 12044 | D:12     | Reached XP level 12. HP: 83/83 MP: 22/22
 12064 | D:12     | Found the +4 arc blade {discharge, rElec}
 12148 | D:12     | Noticed a two-headed ogre
 12152 | D:12     | Killed a two-headed ogre
 12152 | D:12     | Reached skill level 14 in Invocations
 12342 | D:12     | Received a gift from Nemelex Xobeh
 12514 | Orc:1    | Entered Level 1 of the Orcish Mines
 12514 | Orc:1    | Found Ruchi's Weapon Emporium.
 12518 | Orc:1    | Reached skill level 2 in Armour
 12611 | Orc:1    | Found a roughly hewn altar of Beogh.
 12618 | Orc:1    | Noticed an orc warlord
 12629 | Orc:1    | Killed an orc warlord
 12629 | Orc:1    | Reached skill level 5 in Fighting
 12640 | Orc:1    | Reached skill level 3 in Armour
 12775 | Orc:1    | Found a roughly hewn altar of Beogh.
 12778 | Orc:1    | Noticed an orc high priest
 12809 | Orc:1    | HP: 11/86 [orc knight/glaive of protection (31)]
 12815 | Orc:1    | Killed an orc high priest
 13039 | Orc:1    | Received a gift from Nemelex Xobeh
 13097 | Orc:1    | Reached skill level 6 in Fighting
 13205 | Orc:2    | Entered Level 2 of the Orcish Mines
 13211 | Orc:2    | Reached skill level 4 in Armour
 13274 | Orc:2    | Noticed an orc high priest
 13277 | Orc:2    | Noticed a great orb of eyes
 13277 | Orc:2    | an orc high priest changed into a great orb of eyes
 13286 | Orc:2    | Paralysed by a great orb of eyes for 2 turns
 13290 | Orc:2    | Killed a great orb of eyes
 13290 | Orc:2    | Reached skill level 15 in Invocations
 13431 | Orc:2    | Found Siclyfugh's Distillery.
 13646 | Orc:2    | HP: 18/89 [steam dragon (9)]
 13780 | Orc:2    | Noticed an orc high priest
 13789 | Orc:2    | Killed an orc high priest
 13789 | Orc:2    | Reached skill level 7 in Fighting
 13789 | Orc:2    | Reached skill level 5 in Armour
 13821 | Orc:2    | Received a gift from Nemelex Xobeh
 13878 | Orc:2    | Noticed an orc high priest
 13904 | Orc:2    | HP: 21/91 [orc high priest/divine providence (9)]
 13906 | Orc:2    | Killed an orc high priest
 13924 | Orc:2    | Noticed an orc high priest
 13926 | Orc:2    | HP: 21/91 [orc priest/divine providence (11)]
 13929 | Orc:2    | Killed an orc high priest
 13936 | Orc:2    | HP: 22/91 [porcupine (6)]
 13988 | Orc:2    | Noticed an orc high priest
 13993 | Orc:2    | Killed an orc high priest
 13993 | Orc:2    | Gained mutation: You are mostly covered in sharp spines. [demonic ancestry]
 13993 | Orc:2    | Reached XP level 13. HP: 51/96 MP: 24/24
 13997 | Orc:2    | Noticed Josephine
 13999 | Orc:2    | Killed Josephine
 14264 | Orc:2    | Reached skill level 6 in Armour
 14351 | Orc:2    | Found Gajaolom's Armour Shoppe.
 14354 | Orc:2    | Found Rakibropt's Gadget Emporium.
 14355 | Orc:2    | Found Othoasun's General Store.
 14356 | Orc:2    | Found Iclamat's Armour Shoppe.
 14415 | Orc:2    | Found a staircase to the Elven Halls.
 14542 | Orc:1    | Bought the +7 longbow "Piercer" {penet, EV-2} for 831 gold pieces
 14542 | Orc:1    | Found the +7 longbow "Piercer" {penet, EV-2}
 14552 | D:11     | Bought a +2 plate armour of poison resistance for 629 gold pieces
 14597 | Lair:1   | Entered Level 1 of the Lair of Beasts
 14608 | Lair:1   | Found a frozen archway.
 14699 | IceCv    | Entered an ice cave
 14714 | IceCv    | HP: 7/98 [ice statue] (32)]
 14714 | IceCv    | Killed from afar by an ice statue

Vault maps used:
D:1:      dpeg_arrival_fog, nemelex_diamond_rough_becter
D:2:      uniq_crazy_yiuf_cottage
D:3:      kennysheep_the_goblin_king, bloody_makhleb, portal_sewer_entry_e,
          first_ration, chequers_ecumenical_altar_grove
D:4:      nicolae_ru_the_path_less_chosen, minmay_misc_feat_chi
D:5:      chequers_temple_overflow_minitemple, uniq_menkaure
D:6:      serial_shops, shop
D:7:      grunt_temple_overflow_open, minmay_temple_entry_statues_pillars,
          serial_shops, nicolae_shop_waterfront, the_bakery, lemuel_tele_altar,
          uniq_joseph, uniq_duvessa
D:8:      serial_shops, nicolae_shop_waterfront, serial_park_tiny_pond
D:9:      grunt_temple_overflow_opulence, okawaru_trees_2
D:10:     grunt_qazlal_clouds
D:11:     lair_entry_dummy, orc_david_3, chequers_big_river, item_on_display_a
D:12:     minmay_shoctagon
Lair:1:   portal_ice_cave_rime
Orc:1:    serial_shops, shop, basic_altar, mines1_david
Orc:2:    st_orc_pillars, serial_shops, nicolae_shop_behind_doors,
          mines5_lemuel, uniq_josephine
IceCv:    ice_cave_tombish

Skill      XL: |  1  2  3  4  5  6  7  8  9 10 11 12 13 |
---------------+----------------------------------------+-----
Staves         | 2 3 4 5 7 9 11 12 14 | 14.2
Invocations    | 1 2 3 4 6 8 10 12 13 15 | 15.9
Armour         | 5 6 |  6.1
Fighting       | 7 |  7.9
Crossbows      | |  1.0
Dodging        | |  1.0
Stealth        | |  1.0
Shields        | |  1.0

Action                   |  1- 3 |  4- 6 |  7- 9 | 10-12 | 13-15 || total
-------------------------+-------+-------+-------+-------+-------++-------
Melee: Quarterstaff      |    95 |   102 |   189 |   115 |       ||   501
       Kick              |       |     7 |    48 |   121 |    12 ||   188
       Lajatang          |       |       |       |   350 |    43 ||   393
 Fire: Longbow           |       |       |       |       |     2 ||     2
Throw: Stone             |     4 |       |     1 |       |       ||     5
       Javelin           |       |       |       |     5 |       ||     5
Invok: Deal Four         |       |       |       |     2 |     1 ||     3
       Triple Draw       |       |       |       |     2 |       ||     2
Evoke: Deck              |       |     3 |     5 |    51 |     7 ||    66
       Wand              |       |     8 |     6 |    35 |     2 ||    51
  Use: Scroll            |       |     8 |     3 |    11 |     1 ||    23
       Potion            |       |       |       |    11 |       ||    11
 Stab: Sleeping          |     1 |     1 |     6 |     2 |       ||    10
       Confused          |       |       |     1 |       |       ||     1
       Distracted        |       |       |     1 |     2 |       ||     3
       Invisible         |       |       |       |     1 |       ||     1
  Eat: Chunk             |     2 |     7 |     7 |    22 |     2 ||    40
       Ration            |       |       |     1 |       |       ||     1
Armor: Robe              |    22 |    23 |    33 |     4 |       ||    82
       Troll leather arm |       |       |       |   106 |     7 ||   113
       Plate armour      |       |       |       |       |     3 ||     3
Dodge: Dodged            |    71 |    94 |    98 |   260 |    26 ||   549
       Deflected         |       |       |       |     7 |       ||     7

Table legend:
 A = Spawn XP
 B = Non-spawn XP
 C = Spawn XP percentage of total XP
 D = Spawn monster count
 E = Non-spawn monster count
 F = Spawn count percentage of total count
 G = Total turns spent on level
                    A         B        C        D         E        F      G
               +---------+---------+-------+---------+---------+-------+---------
         Total |       0 |   43214 |   0.0 |       0 |     539 |   0.0 | 14714
               +---------+---------+-------+---------+---------+-------+---------
           D:1 |       0 |      32 |   0.0 |       0 |      18 |   0.0 |   846
           D:2 |       0 |     157 |   0.0 |       0 |      20 |   0.0 |  1262
           D:3 |       0 |     105 |   0.0 |       0 |      37 |   0.0 |  1338
           D:4 |       0 |     543 |   0.0 |       0 |      18 |   0.0 |   824
           D:5 |       0 |    1037 |   0.0 |       0 |      30 |   0.0 |  1078
           D:6 |       0 |     680 |   0.0 |       0 |      10 |   0.0 |   749
           D:7 |       0 |    2713 |   0.0 |       0 |      40 |   0.0 |  1108
           D:8 |       0 |    2146 |   0.0 |       0 |      31 |   0.0 |   983
           D:9 |       0 |    3998 |   0.0 |       0 |      44 |   0.0 |  1411
          D:10 |       0 |    2571 |   0.0 |       0 |      20 |   0.0 |   936
          D:11 |       0 |    4106 |   0.0 |       0 |      43 |   0.0 |  1284
          D:12 |       0 |    5129 |   0.0 |       0 |      36 |   0.0 |   743
        Lair:1 |       0 |     912 |   0.0 |       0 |       3 |   0.0 |   102
         Orc:1 |       0 |    6691 |   0.0 |       0 |      71 |   0.0 |   710
         Orc:2 |       0 |   12063 |   0.0 |       0 |     117 |   0.0 |  1325
         IceCv |       0 |     331 |   0.0 |       0 |       1 |   0.0 |    15
               +---------+---------+-------+---------+---------+-------+---------

Vault maps used:
D:1:      dpeg_arrival_fog, nemelex_diamond_rough_becter
D:2:      uniq_crazy_yiuf_cottage
D:3:      kennysheep_the_goblin_king, bloody_makhleb, portal_sewer_entry_e,
          first_ration, chequers_ecumenical_altar_grove
D:4:      nicolae_ru_the_path_less_chosen, minmay_misc_feat_chi
D:5:      chequers_temple_overflow_minitemple, uniq_menkaure
D:6:      serial_shops, shop
D:7:      grunt_temple_overflow_open, minmay_temple_entry_statues_pillars,
          serial_shops, nicolae_shop_waterfront, the_bakery, lemuel_tele_altar,
          uniq_joseph, uniq_duvessa
D:8:      serial_shops, nicolae_shop_waterfront, serial_park_tiny_pond
D:9:      grunt_temple_overflow_opulence, okawaru_trees_2
D:10:     grunt_qazlal_clouds
D:11:     lair_entry_dummy, orc_david_3, chequers_big_river, item_on_display_a
D:12:     minmay_shoctagon
Lair:1:   portal_ice_cave_rime
Orc:1:    serial_shops, shop, basic_altar, mines1_david
Orc:2:    st_orc_pillars, serial_shops, nicolae_shop_behind_doors,
          mines5_lemuel, uniq_josephine
IceCv:    ice_cave_tombish

Table legend:
 A = Turns spent in this place as a percentage of turns spent in the entire game.
 B = Non-inter-level travel turns spent in this place as a percentage of non-inter-level travel turns spent in the entire game.
 C = Inter-level travel turns spent in this place as a percentage of turns spent in this place.
 D = Turns resting spent in this place as a percentage of non-inter-level travel turns spent in this place.
 E = Turns spent auto-exploring this place as a percentage of non-inter-level travel turns spent in this place.
 F = Non-inter-level travel turns spent in this place divided by the number of levels of this place that you've seen.
                   A       B       C       D       E      F
               +-------+-------+-------+-------+-------+----------------------
         Total | 100.0 | 100.0 |   3.0 |  24.7 |  46.9 | 892.4
       Dungeon |  85.4 |  85.1 |   3.2 |  25.3 |  48.8 | 1013.0
          Lair |   0.7 |   0.7 |   1.0 |  54.5 |   0.0 | 101.0
  Orcish Mines |  13.8 |  14.1 |   1.4 |  19.6 |  37.9 | 1003.5
      Ice Cave |   0.1 |   0.1 |   0.0 |   0.0 |  33.3 |  15.0
               +-------+-------+-------+-------+-------+----------------------

Table legend:
 A = Kills in this place as a percentage of kills in entire the game.
 B = Kills by you in this place as a percentage of kills by you in the entire game.
 C = Kills by friends in this place as a percentage of kills by friends in the entire game.
 D = Other kills in this place as a percentage of other kills in the entire game.
 E = Experience gained in this place as a percentage of experience gained in the entire game.
 F = Experience gained in this place divided by the number of levels of this place that you have seen.
                   A       B       C       D       E      F
               +-------+-------+-------+-------+-------+----------------------
         Total | 100.0 | 100.0 | 100.0 | 100.0 | 100.0 | 2700.9
       Dungeon |  64.4 |  72.0 |  44.6 |  37.5 |  53.7 | 1934.8
          Lair |   0.6 |   0.8 |   0.0 |   0.0 |   2.1 | 912.0
  Orcish Mines |  34.9 |  27.0 |  55.4 |  62.5 |  43.4 | 9377.0
      Ice Cave |   0.2 |   0.3 |   0.0 |   0.0 |   0.8 | 331.0
               +-------+-------+-------+-------+-------+----------------------
